[Event "*** SCC Grand Prix: Titled Tuesday Blitz"]
[Site "Chess.com"]
[Date "2020.07.07"]
[Round "6"]
[White "inegrepus"]
[Black "mbachez"]
[Result "0-1"]
[WhiteElo "2178"]
[BlackElo "2420"]
[TimeControl "180+1"]
[EndTime "11:06:14 PDT"]
[Termination "mbachez won by resignation"]

1. d4 Nf6 2. c4 g6 3. g3 Bg7 4.
Bg2 O-O 5. Nf3 c6 6. O-O d6 7. Nc3 Qb6 8. e4 Bg4 9. h3 Bxf3 10. Bxf3 e5 11. dxe5 dxe5 12. Qe2 Re8 13. Be3 Qc7 14. Bg2 Nbd7 15. Rad1 Bf8 16. f4 Bc5 17. f5 Bxe3+ 18. Qxe3 Qb6 19. Qxb6 axb6 20. a3 Kg7 21. Rd6 g5 22.
Rfd1 Nc5 23. Kf2 Nb3 24. Ke3 Nd4 25. Ne2 c5 26. Nc3 Red8 27. Rxd8 Rxd8 28. Nd5 Nxd5+ 29. cxd5 f6 30. Bf1 Kf7 31. Bc4 Ke7 32. Rg1 Kd6 33. h4 g4 34. h5 b5 35. Be2 Rg8 36. Rh1 Rg5 37. Rh4 h6 38. Bxg4 c4 39. Kf2 Nc2 40. Be2 Kc5 41. Rg4 Rxg4 42. Bxg4 c3 43. bxc3 Nxa3 44.
Be2 Nb1 45. g4 Nxc3 46. Ke3 b4 47. Bd3 Na4 48. g5 fxg5 49. f6 Kd6 50. f7 Ke7 51. d6+ Kxf7 52. d7 Ke7 53. Bc2 Nb6 54. Kd3 Kxd7 0-1

[Event "*** SCC Grand Prix: Titled Tuesday Blitz"]
[Site "Chess.com"]
[Date "2020.07.07"]
[Round "6"]
[White "AccioChess"]
[Black "KobyKalavannan"]
[Result "1-0"]
[WhiteElo "2498"]
[BlackElo "2623"]
[TimeControl "180+1"]
[EndTime "11:06:15 PDT"]
[Termination "AccioChess won by resignation"]

1. e4 c5 2. Nf3 Nc6 3. Nc3 g6 4. d4 cxd4 5. Nxd4 Bg7 6. Be3 Nf6 7. Bc4 O-O 8. Bb3 Re8 9. O-O d6 10. h3 Na5 11. Qd2 b6 12. Bh6 Nxb3 13. axb3 Bb7 14. Rfe1 Bh8 15. b4 d5 16. e5 Ne4 17. Nxe4 dxe4 18. f4 exf3 19. Nxf3 Qxd2 20. Nxd2 f6 21. Bf4 g5 22. Bg3 f5 23. c3 Red8 24. Re2 Rd3 25. Be1 a6 26. Nb3 Rad8 27. Nd4 Rd5 28. Nxf5 Kf7 29.
Bg3 e6 30. Nd6+ Rxd6 31. exd6 Rxg3 32. Rf1+ Ke8 33. Rxe6+ Kd8 34. Rf8+ Kd7 35. Re7+ Kxd6 36. Rxb7 Be5 37. Rxb6+ Kd5 38. Rxa6 Bf4 39. Ra5+ Kc4 40.
Kf2 Rd3 41. Rxf4+ gxf4 42. Rc5+ Kb3 43. b5 Kxb2 44. b6 Rd8 45. b7 Rb8 46. Rc7 Kb3 47.
Kf3 h5 48. Kxf4 1-0

[Event "*** SCC Grand Prix: Titled Tuesday Blitz"]
[Site "Chess.com"]
[Date "2020.07.07"]
[Round "6"]
[White "Kate1606"]
[Black "Morshynska"]
[Result "0-1"]
[WhiteElo "1419"]
[BlackElo "2184"]
[TimeControl "180+1"]
[EndTime "11:06:15 PDT"]
[Termination "Morshynska won on time"]

1. e4 Nc6 2. d4 d6 3. d5 Ne5 4. f4 Ng6 5. Nf3 e6 6. dxe6 fxe6 7.
Bd3 Nf6 8. O-O e5 9. fxe5 dxe5 10. Nc3 Bc5+ 11. Kh1 O-O 12. Bc4+ Kh8 13. Qxd8 Rxd8 14. Ng5 Rf8 15. h3 h6 16. Nf3 Nh5 17. Kh2 c6 18. a3 a5 19. Bd2 b5 20. Ba2 Ba6 21. Rfd1 Nhf4 22. Bxf4 Rxf4 23. Rd7 Raf8 24. Rc7 R4f6 25. Rd1 Bc8 26. Ne2 Bb6 27. Rcd7 Bxd7 28.
Rxd7 a4 29. Ng3 Rd8 0-1

[Event "*** SCC Grand Prix: Titled Tuesday Blitz"]
[Site "Chess.com"]
[Date "2020.07.07"]
[Round "6"]
[White "binbin239"]
[Black "Gareth-Bale11"]
[Result "1-0"]
[WhiteElo "2523"]
[BlackElo "2725"]
[TimeControl "180+1"]
[EndTime "11:06:16 PDT"]
[Termination "binbin239 won by checkmate"]

1. d4 Nf6 2. c4 e6 3. Nf3 d5 4.
g3 Bb4+ 5. Bd2 Be7 6. Bg2 O-O 7. O-O Nbd7 8. Qc2 Ne4 9. Bf4 c6 10. Nbd2 g5 11. Be3 Nd6 12. Ne5 Nxe5 13. dxe5 Nf5 14. cxd5 exd5 15. Bc5 Bxc5 16. Qxc5 Qb6 17. Qc2 Nd4 18. Qd3 Bf5 19. e4 dxe4 20. Nxe4 Kg7 21. Qd2 h6 22. Nd6 Bg6 23. Rfd1 Nf5 24. Nc4 Qc5 25. Qc3 Kh7 26. e6 fxe6 27. Rd7+ Rf7 28. Rad1 Rf8 29. b4 Nxg3 30. hxg3 Qxf2+ 31. Kh2 h5 32. Ne5 Rxd7 33. Rxd7+ Kh6 34. Nf3 Rg8 35. Qf6 Qe3 36. Ne5 a6 37. Nf7+ Kh7 38. Nxg5+ Kh6 39. Rh7# 1-0

[Event "*** SCC Grand Prix: Titled Tuesday Blitz"]
[Site "Chess.com"]
[Date "2020.07.07"]
[Round "6"]
[White "MathiasWomacka"]
[Black "esrosenberg"]
[Result "1-0"]
[WhiteElo "2432"]
[BlackElo "2282"]
[TimeControl "180+1"]
[EndTime "11:06:16 PDT"]
[Termination "MathiasWomacka won by checkmate"]

1. e4 e5 2. Nf3 Nc6 3. Bb5 a6 4. Bxc6 dxc6 5. O-O Bd6 6. d4 exd4 7. Qxd4 f6 8. Be3 Qe7 9. Nbd2 Bd7 10. Nc4 c5 11. Qc3 b5 12. Nxd6+ cxd6 13. Rad1 Bc6 14. Bf4 O-O-O 15. Rd2 g5 16. Bg3 Nh6 17. Rfd1 Nf7 18. b4 h5 19. Bxd6 Rxd6 20. Rxd6 Nxd6 21. Qxc5 Kc7 22.
e5 Nf5 23. Qa7+ Bb7 24. exf6 Qe4 25. f7 g4 26. Qc5+ Kb8 27. f8=Q+ Rxf8 28. Qxf8+ Ka7 29.
Qc5+ Kb8 30. Rd8+ Bc8 31. Qxc8+ Ka7 32. Qb8# 1-0

[Event "*** SCC Grand Prix: Titled Tuesday Blitz"]
[Site "Chess.com"]
[Date "2020.07.07"]
[Round "6"]
[White "canary2016"]
[Black "PawnEatingZombie"]
[Result "0-1"]
[WhiteElo "1916"]
[BlackElo "2200"]
[TimeControl "180+1"]
[EndTime "11:06:16 PDT"]
[Termination "PawnEatingZombie won by checkmate"]

1. d4 d5 2. c4 e6 3. Nc3 Bb4 4. cxd5 exd5 5. Bf4 c6 6. e3 Ne7 7. Nf3 O-O 8. Bd3 Bf5 9. Qc2 Bxd3 10. Qxd3 Ng6 11.
Bg3 Nd7 12. O-O a6 13. Ne2 Be7 14. Nf4 Nxf4 15. Bxf4 Nf6 16. Ne5 Bd6 17. Bg3 Ne4 18. Nf3 Bxg3 19. hxg3 f6 20. Nd2 Nd6 21.
Rac1 Re8 22. Rfe1 Qd7 23. b3 g6 24. Kh2 Kg7 25. Rh1 h5 26. Kg1 Re7 27. Nf3 Qf5 28. Qxf5 Nxf5 29. Nh4 Nd6 30. f3 a5 31. Kf2 a4 32. Ra1 Ree8 33. f4 Ra6 34. Nf3 Rea8 35. bxa4 Ne4+ 36. Ke1 Rxa4 37. Rh3 Rxa2 38. Rb1 Ra1 39.
Rxa1 Rxa1+ 40. Ke2 Ra2+ 41. Ke1 Rxg2 42. Nh4 Rxg3 43.
Rxg3 Nxg3 44. Kf2 Nf5 45. Nf3 b5 46. Nd2 b4 47. Nb3 Nd6 48. Nc5 Ne4+ 49. Ke2 Nxc5 50. dxc5 h4 51. Kd3 h3 52. Kc2 h2 53. Kb3 h1=Q 54. Kxb4 Qe4+ 55. Ka5 Qb1 56. f5 Qb5# 0-1

[Event "*** SCC Grand Prix: Titled Tuesday Blitz"]
[Site "Chess.com"]
[Date "2020.07.07"]
[Round "6"]
[White "Ariadna_Atreides"]
[Black "ailime26"]
[Result "1-0"]
[WhiteElo "2065"]
[BlackElo "1865"]
[TimeControl "180+1"]
[EndTime "11:06:17 PDT"]
[Termination "Ariadna_Atreides won by checkmate"]

1. d4 d5 2. Nf3 Nf6 3. e3 e6 4. Bd3 Be7 5. O-O Nbd7 6. Ne5 O-O 7. Nd2 c5 8. b3 Qc7 9. Bb2 b6 10. c4 Bb7 11. Rc1 Rad8 12. cxd5 Nxd5 13. Nxd7 Qxd7 14.
Nf3 Bf6 15. Qe2 cxd4 16. Bxd4 Bxd4 17. Nxd4 e5 18. Qh5 g6 19. Qxe5 Rfe8 20. Qg3 Rc8 21.
h4 Nf6 22. Rxc8 Rxc8 23. Rd1 Nh5 24. Qg5 Kg7 25. Nf5+ Kh8 26. Nh6 Kg7 27. Be2 Qc6 28. Bf3 Qc2 29. Bxh5 Rc5 30. Qe7 Rxh5 31. Qxf7+ Kxh6 32. Qf8# 1-0

[Event "*** SCC Grand Prix: Titled Tuesday Blitz"]
[Site "Chess.com"]
[Date "2020.07.07"]
[Round "6"]
[White "ichangedmyname_yup"]
[Black "SzMM19"]
[Result "1-0"]
[WhiteElo "2411"]
[BlackElo "2561"]
[TimeControl "180+1"]
[EndTime "11:06:18 PDT"]
[Termination "ichangedmyname_yup won by resignation"]

1. e4 c5 2. Nf3 a6 3. d4 cxd4 4. Nxd4 Nf6 5. Nc3 e5 6. Nb3 Bb4 7. Bg5 Qc7 8. Bxf6 Bxc3+ 9. bxc3 Qxc3+ 10. Nd2 gxf6 11. Bc4 d6 12. O-O Be6 13. Bxe6 fxe6 14. Qh5+ Ke7 15. Nb3 Nc6 16. Rad1 Rad8 17. Rd3 Qxc2 18.
Rg3 Rdf8 19. Rg7+ Kd8 20. Rd1 Kc8 21. Rxd6 Qb1+ 22. Rd1 Qxa2 23. Nc5 Rd8 24. Nxb7 Qb3 25.
Nxd8 Rxd8 26. Rc1 Kb8 27. h3 Qb6 28. Qf7 Nd4 29. Kh2 Nb5 30. Qxf6 a5 31. Rb1 Rc8 32.
Qxe5+ 1-0

[Event "*** SCC Grand Prix: Titled Tuesday Blitz"]
[Site "Chess.com"]
[Date "2020.07.07"]
[Round "6"]
[White "Arathorn2"]
[Black "talaicito"]
[Result "0-1"]
[WhiteElo "2296"]
[BlackElo "2151"]
[TimeControl "180+1"]
[EndTime "11:06:18 PDT"]
[Termination "talaicito won on time"]

1. d4 e6 2. c4 f5 3. Nf3 Nf6 4. g3 Be7 5. Bg2 d6 6. O-O O-O 7. Nc3 Ne4 8. Qc2 Nxc3 9. Qxc3 a5 10. b3 Nc6 11. Bb2 Bf6 12. Rad1 Qe8 13. Qc2 e5 14. e4 f4 15. dxe5 dxe5 16. gxf4 exf4 17. e5 Be7 18. Rfe1 Be6 19. Qe4 Qh5 20. Kh1 g5 21. Rg1 Kh8 22. Nd2 Rad8 23. f3 Nb4 24. Nb1 c6 25. Nc3 Bf5 26.
Qe2 Nd3 27. Ne4 Bxe4 28. e6+ Kg8 29. Rd2 Bf5 30. Ba1 Bc5 31. Rxd3 Bxd3 32. Qb2 Bd4 33. e7 Bxb2 0-1

[Event "*** SCC Grand Prix: Titled Tuesday Blitz"]
[Site "Chess.com"]
[Date "2020.07.07"]
[Round "6"]
[White "Isajevsky_Anton"]
[Black "Gloomy_Wanderer"]
[Result "0-1"]
[WhiteElo "2543"]
[BlackElo "2759"]
[TimeControl "180+1"]
[EndTime "11:06:19 PDT"]
[Termination "Gloomy_Wanderer won by resignation"]

1. c4 e5 2. g3 Nc6 3. Bg2 f5 4. Nc3 Nf6 5. d3 Bb4 6. Bd2 O-O 7. e3 Bxc3 8. Bxc3 d5 9. cxd5 Nxd5 10. Ne2 Be6 11. e4 Nxc3 12. bxc3 f4 13. f3 Na5 14.
O-O c5 15. Qc2 Nc6 16. Rad1 g5 17. Kh1 Qb6 18. Rb1 Qa6 19. Rb2 Rad8 20. Rd1 Rd6 21.
gxf4 gxf4 22. d4 exd4 23. cxd4 cxd4 24. Qd2 Ne5 25. Nxf4 Nc4 26. Qf2 Nxb2 27. Qg3+ Kh8 28. Nh5 Rf7 29. Rxd4 Nc4 30. Rxc4 Bxc4 31. Qe5+ Kg8 32. Qe8+ Rf8 33. Nf6+ Rxf6 0-1

[Event "*** SCC Grand Prix: Titled Tuesday Blitz"]
[Site "Chess.com"]
[Date "2020.07.07"]
[Round "6"]
[White "Omk124"]
[Black "AlexSuv"]
[Result "0-1"]
[WhiteElo "2380"]
[BlackElo "2576"]
[TimeControl "180+1"]
[EndTime "11:06:19 PDT"]
[Termination "AlexSuv won by resignation"]

1. e4 c5 2. Nf3 e6 3. d4 cxd4 4. Nxd4 Nc6 5. Nc3 Qc7 6. Be3 a6 7. Qd2 Nf6 8. f4 Bb4 9. Bd3 Na5 10. O-O Nc4 11. Bxc4 Qxc4 12. Qd3 Qxd3 13. cxd3 b5 14. h3 Bb7 15. Rac1 O-O 16. a3 Ba5 17. Nf3 Rac8 18.
g4 d6 19. b4 Bd8 20. Kf2 Nd7 21. Ne2 Be7 22. Ng3 g6 23. g5 f6 24. h4 d5 25. Nd4 Kf7 26. f5 exf5 27. exf5 Ne5 28. Ke2 Rxc1 29. Bxc1 Bc8 30. fxg6+ hxg6 31. Bb2 Bg4+ 32.
Kd2 Kg7 33. Rf4 fxg5 34. Rxf8 Kxf8 35. hxg5 Bxg5+ 36. Ke1 Nxd3+ 37. Kf1 Nxb2 38. Kf2 Nc4 39. Nf1 Nxa3 40. Kg3 Bd7 41. Nb3 Be7 42. Nc5 Bxc5 43. bxc5 b4 44. Ne3 b3 45. Nxd5 b2 46. Nc3 b1=Q 47. Nxb1 Nxb1 48. Kf4 Ke7 49. Kg5 Bf5 50. c6 a5 51. c7 Kd7 52. Kf6 Kxc7 53. Kg5 a4 54. Kf6 a3 55. Kg5 a2 56. Kf6 a1=Q+ 57.
Kg5 Qe5 58. Kh6 Bd7 59. Kh7 g5 60. Kh6 g4 61. Kh7 g3 62. Kh6 g2 63. Kh7 g1=R 64. Kh6 Nc3 65. Kh7 Nd5 0-1

[Event "*** SCC Grand Prix: Titled Tuesday Blitz"]
[Site "Chess.com"]
[Date "2020.07.07"]
[Round "6"]
[White "AwareIdea"]
[Black "Grieve72"]
[Result "1-0"]
[WhiteElo "2478"]
[BlackElo "2242"]
[TimeControl "180+1"]
[EndTime "11:06:19 PDT"]
[Termination "AwareIdea won on time"]

1. d4 d5 2. Nc3 Nf6 3. Bf4 c5 4. e3 cxd4 5. exd4 a6 6. Qd2 Nc6 7. Nf3 h6 8. Ne5 Bf5 9. f3 e6 10. Nxc6 bxc6 11. a3 c5 12. g4 Bg6 13.
dxc5 Bxc5 14. h4 h5 15. g5 Nd7 16. O-O-O O-O 17. Bd3 Bxd3 18. Qxd3 g6 19. Rhe1 Qa5 20. Rxe6 fxe6 21. Qxg6+ Kh8 22. Qxh5+ Kg8 23. Qg6+ Kh8 24. Qh6+ Kg8 25. g6 Nf6 26. g7 Rfe8 27. Qxf6 Ra7 28. Be5 Qd8 29. Qh6 1-0

[Event "*** SCC Grand Prix: Titled Tuesday Blitz"]
[Site "Chess.com"]
[Date "2020.07.07"]
[Round "6"]
[White "Nikithebest"]
[Black "Chuchofrio1"]
[Result "1-0"]
[WhiteElo "2476"]
[BlackElo "2239"]
[TimeControl "180+1"]
[EndTime "11:06:19 PDT"]
[Termination "Nikithebest won by checkmate"]

1. e4 e5 2. Nf3 Nc6 3. Nc3 Nf6 4.
d4 exd4 5. Nxd4 Bb4 6. Nxc6 bxc6 7. Bd3 d5 8. exd5 Nxd5 9. O-O O-O 10. Ne4 Bf5 11.
Qf3 Bg6 12. c4 Ne7 13. Rd1 Qc8 14. a3 Bd6 15. Nxd6 cxd6 16. Bg5 Bxd3 17. Bxe7 Re8 18.
Qxd3 Rxe7 19. Qxd6 Qe8 20. h3 Rb8 21. b4 Re2 22. Qc5 Rb7 23. Rd6 Rc7 24. Rad1 Re1+ 25. Rxe1 Qxe1+ 26. Kh2 Qe8 27. b5 Qe7 28. bxc6 h6 29.
Qd5 Rc8 30. g3 g6 31. a4 Rf8 32. Rxg6+ Kh7 33. Rd6 Qe2 34. Qf5+ Kg7 35. Qf4 f6 36. c7 Qe7 37. Qg4+ Kf7 38. Rd7 Qxd7 39. Qxd7+ Kg6 40. c8=R Rxc8 41. Qxc8 a5 42. Qg8+ Kh5 43. Qg4# 1-0

[Event "*** SCC Grand Prix: Titled Tuesday Blitz"]
[Site "Chess.com"]
[Date "2020.07.07"]
[Round "6"]
[White "Firouzja2003"]
[Black "Dyadya81"]
[Result "1-0"]
[WhiteElo "3100"]
[BlackElo "2739"]
[TimeControl "180+1"]
[EndTime "11:06:21 PDT"]
[Termination "Firouzja2003 won on time"]

1. e4 c6 2. d4 d5 3. Nc3 dxe4 4. Nxe4 Nf6 5. Nxf6+ exf6 6. c3 Bd6 7. Bd3 O-O 8.
Qc2 Re8+ 9. Ne2 h5 10. O-O h4 11. h3 Nd7 12. Be3 Nf8 13. Rad1 Be6 14. c4 Qd7 15.
Nf4 Bxf4 16. Bxf4 Rad8 17. Rfe1 Qc8 18. Bf1 Bf5 19. Qa4 Rxe1 20. Rxe1 Ne6 21. Be3 Nxd4 22. Bxd4 Rxd4 23. Qxa7 Rd2 24. Qb6 Qd7 25. a4 Kh7 26. a5 Bd3 27. Bxd3+ Qxd3 28. Qxb7 Qd4 29.
Rf1 Rd1 30. Qb3 Rd3 31. Qc2 f5 32. a6 Rd2 33. Qxf5+ Kh6 34. a7 g6 35. Qf3 1-0

[Event "*** SCC Grand Prix: Titled Tuesday Blitz"]
[Site "Chess.com"]
[Date "2020.07.07"]
[Round "6"]
[White "N00bM3ster"]
[Black "FrenchMonster2002"]
[Result "1-0"]
[WhiteElo "2611"]
[BlackElo "2455"]
[TimeControl "180+1"]
[EndTime "11:06:21 PDT"]
[Termination "N00bM3ster won on time"]

1. e4 c5 2. Nf3 Nc6 3. d4 cxd4 4.
Nxd4 e5 5. Nb5 d6 6. N1c3 a6 7. Na3 Be7 8. Nd5 Nf6 9. Bd3 Nxd5 10. exd5 Nd4 11. c3 Nf5 12. Nc2 O-O 13. O-O Nh4 14.
f4 exf4 15. Bxf4 Ng6 16. Be3 Bg5 17. Qd2 Bxe3+ 18. Nxe3 Qg5 19. Bxg6 hxg6 20. Qd4 Bd7 21. Rf3 b5 22. Raf1 Rae8 23. h4 Qe5 24. Qb6 Bc8 25.
Re1 Bg4 26. Rff1 Qg3 27. Qd4 Bd7 28. Qf4 Qxf4 29. Rxf4 Re5 30. Kf2 Rfe8 31. Rd4 g5 32.
hxg5 Rxg5 33. Nc2 Rge5 34. Rxe5 Rxe5 35. b3 Bf5 36. Ne3 Be4 37. a4 f5 38. axb5 axb5 39. Rb4 f4 40. Ng4 1-0

[Event "*** SCC Grand Prix: Titled Tuesday Blitz"]
[Site "Chess.com"]
[Date "2020.07.07"]
[Round "6"]
[White "FearNoEvil12"]
[Black "Chessdude1987"]
[Result "0-1"]
[WhiteElo "2042"]
[BlackElo "2221"]
[TimeControl "180+1"]
[EndTime "11:06:21 PDT"]
[Termination "Chessdude1987 won by checkmate"]

1. e4 e6 2. d4 d5 3. Nc3 Nf6 4. Qd3 c5 5. exd5 exd5 6. dxc5 Bxc5 7. Bg5 O-O 8. O-O-O Be6 9. Nf3 Nbd7 10. Nd4 Rc8 11. Kb1 Bb4 12. Nce2 Qb6 13. f3 Ne5 14. Qe3 Nc4 15.
Qb3 Nd7 16. c3 Bc5 17. Qxb6 Bxb6 18. Nc1 h6 19. Bxc4 hxg5 20. Bb5 Nc5 21. Ncb3 Nxb3 22. axb3 a6 23. Bd3 Bd7 24. h4 g4 25. h5 gxf3 26.
gxf3 Rfe8 27. h6 g6 28. h7+ Kh8 29. Nc2 Re5 30. f4 Rh5 31. Rxh5 gxh5 32. Nb4 Bg4 33. Re1 d4 34. Nd5 Bc5 35. c4 f5 36. Re6 Kxh7 37. Nf6+ Kg7 38. Nxg4 fxg4 39. Rg6+ Kf7 40. Rh6 g3 41. Rxh5 Rg8 42. b4 g2 43. Rxc5 g1=Q+ 44. Ka2 Qd1 45. Be4 Qa4+ 46. Kb1 Rg1# 0-1

[Event "*** SCC Grand Prix: Titled Tuesday Blitz"]
[Site "Chess.com"]
[Date "2020.07.07"]
[Round "6"]
[White "jefferyx"]
[Black "Hikaru"]
[Result "0-1"]
[WhiteElo "2905"]
[BlackElo "3217"]
[TimeControl "180+1"]
[EndTime "11:06:22 PDT"]
[Termination "Hikaru won by resignation"]

1. Nf3 d5 2. b3 c5 3. Bb2 f6 4.
d4 cxd4 5. Nxd4 e5 6. Nf3 Nc6 7. e3 Be6 8. Be2 Bc5 9. O-O Nge7 10. a3 O-O 11. b4 Bb6 12. Nbd2 e4 13. Ne1 a5 14. b5 Ne5 15. c4 Nxc4 16. Nxc4 dxc4 17. Qc2 Qd5 18. Rd1 Qxb5 19. Qxe4 Qc6 20. Qc2 Rac8 21. Nf3 c3 22. Ba1 a4 23. Rc1 Nd5 24.
Rb1 Bxe3 25. Bd3 f5 26. Rfe1 Ba7 27. Ne5 Qc7 28. Qxa4 Bc5 29. Nf3 Bf7 30. Ng5 Kh8 31. Bxf5 Bxf2+ 32. Kh1 Bxe1 33. Rxe1 Rce8 34. Rxe8 Rxe8 35.
Qh4 Bg8 36. Bxc3 Nxc3 37. Bxh7 Qf4 0-1

[Event "*** SCC Grand Prix: Titled Tuesday Blitz"]
[Site "Chess.com"]
[Date "2020.07.07"]
[Round "6"]
[White "Savva09022009"]
[Black "Chessmasterzt"]
[Result "0-1"]
[WhiteElo "2458"]
[BlackElo "2611"]
[TimeControl "180+1"]
[EndTime "11:06:22 PDT"]
[Termination "Chessmasterzt won by resignation"]

1. d4 Nf6 2. Nc3 d6 3. Bf4 Nbd7 4. Nf3 c5 5. e3 g6 6. d5 Bg7 7. Be2 O-O 8. O-O Ne8 9. Nd2 Nc7 10. Nc4 b6 11. a4 Ba6 12. Na3 Bxe2 13. Nxe2 Bxb2 14. Ra2 Bg7 15. Nc4 Nf6 16. Nc3 Nh5 17. Ne4 Nxf4 18. exf4 Qd7 19. Ne3 a6 20. h4 b5 21. a5 Bd4 22. h5 Bxe3 23. fxe3 Qf5 24. Nc3 Qxh5 25. Qxh5 gxh5 26. e4 f5 27. e5 b4 28. Na4 Nxd5 29.
c4 bxc3 30. Rd1 Nb4 31. Re2 Rad8 32. exd6 c2 33. Rc1 Rxd6 34. Nb2 Rfd8 35. Kh2 Kf8 36. Kg3 Rd2 37. Re3 Rd1 38. Nxd1 cxd1=Q 39. Rxd1 Rxd1 40. Re5 Rd5 0-1

[Event "*** SCC Grand Prix: Titled Tuesday Blitz"]
[Site "Chess.com"]
[Date "2020.07.07"]
[Round "6"]
[White "Benjoneliere44"]
[Black "Fortitudine"]
[Result "1-0"]
[WhiteElo "2535"]
[BlackElo "2263"]
[TimeControl "180+1"]
[EndTime "11:06:22 PDT"]
[Termination "Benjoneliere44 won by resignation"]

1. d4 Nf6 2. Bf4 d6 3. Nf3 g6 4. Nc3 Bg7 5. e4 O-O 6. Qd2 c5 7. d5 a6 8. a4 Bg4 9. Bh6 e6 10. Bxg7 Kxg7 11. dxe6 Bxf3 12. gxf3 fxe6 13. Be2 Nc6 14. h4 Nh5 15. O-O-O Nd4 16. Kb1 b5 17. e5 d5 18. f4 Nxf4 19. Bg4 b4 20. Na2 b3 21.
cxb3 Nxb3 22. Qe3 Rb8 23. h5 g5 24. h6+ Kh8 25. Rhg1 d4 26. Qe4 Na5 27. Be2 Qd5 28. Qxd5 Nxd5 29. f3 Rb4 30. Rxg5 Nc3+ 31. Nxc3 dxc3 32.
Kc2 Rxb2+ 33. Kxc3 Rxe2 34. f4 Re3+ 35. Kc2 Nc6 36.
Rd7 Nd4+ 37. Kc1 Rc3+ 38. Kd2 Rc2+ 39. Kd3 Nf5 40. Kxc2 c4 41. Rgg7 1-0

[Event "*** SCC Grand Prix: Titled Tuesday Blitz"]
[Site "Chess.com"]
[Date "2020.07.07"]
[Round "6"]
[White "Konek-Gorbunok"]
[Black "VladaSviridova"]
[Result "1/2-1/2"]
[WhiteElo "2272"]
[BlackElo "2126"]
[TimeControl "180+1"]
[EndTime "11:06:22 PDT"]
[Termination "Game drawn by repetition"]

1. d4 d5 2. Nf3 Nf6 3. g3 c6 4.
Bg2 Bf5 5. O-O e6 6. c4 Nbd7 7.
Nc3 h6 8. Nd2 Be7 9. e4 dxe4 10.
Ndxe4 Nxe4 11. Nxe4 O-O 12. Be3 Nf6 13. Nc3 Rc8 14.
h3 Bh7 15. Qb3 Qc7 16. Rfd1 Rfd8 17. Rac1 b6 18. d5 exd5 19. cxd5 c5 20. Nb5 Qd7 21. d6 Bf8 22. Qa4 a5 23. Nc3 Qxa4 24. Nxa4 Rxd6 25.
Rxd6 Bxd6 26. Nxb6 Rb8 27. Bxc5 Bxc5 28. Rxc5 Bb1 29.
Na4 Bxa2 30. Rxa5 Bb3 31. Nc5 Bc4 32. Ra8 Rxa8 33. Bxa8 Kf8 34. Bf3 Ke7 35. Ne4 Nxe4 36. Bxe4 Kd6 37. f4 Kc5 38. Kf2 Kb4 39. Bc2 f6 40. Ke3 Kc5 41. Bd3 Bb3 42. Kd2 Bd5 43. Kc3 Bg2 44. h4 Bd5 45. b4+ Kb6 46. Kd4 Bf3 47.
Be4 Bh5 48. Bd3 Bf3 49. Kc4 Bc6 50. Kd4 Bf3 1/2-1/2

[Event "*** SCC Grand Prix: Titled Tuesday Blitz"]
[Site "Chess.com"]
[Date "2020.07.07"]
[Round "6"]
[White "sergeikim"]
[Black "antoszu"]
[Result "0-1"]
[WhiteElo "2402"]
[BlackElo "2543"]
[TimeControl "180+1"]
[EndTime "11:06:23 PDT"]
[Termination "antoszu won by resignation"]

1. d4 Nf6 2. c4 e6 3. Nc3 Bb4 4. Qc2 c5 5. dxc5 O-O 6. Nf3 Na6 7. Bd2 Nxc5 8. e3 b6 9. Be2 Bb7 10. O-O Rc8 11. Rfd1 a6 12. Be1 Bxc3 13. Bxc3 Nce4 14. Bb4 Re8 15. Qb3 Qc7 16. h3 d6 17. Rac1 Red8 18.
Be1 Bc6 19. Nd4 Nc5 20. Qa3 Bb7 21. f3 e5 22. Nf5 g6 23. Bh4 gxf5 24. Bxf6 Re8 25. e4 Re6 26. Bh4 f4 27. b4 Nd7 28.
Qd3 Rg6 29. Bf1 Nf8 30. Bf2 Rd8 31. c5 bxc5 32. Rxc5 Qd7 33. Ra5 Qxh3 34. Rxe5 dxe5 35. Qxd8 Qxf3 36. Qh4 Qxd1 0-1

[Event "*** SCC Grand Prix: Titled Tuesday Blitz"]
[Site "Chess.com"]
[Date "2020.07.07"]
[Round "6"]
[White "Khazieva_Elza"]
[Black "GracefulYear"]
[Result "0-1"]
[WhiteElo "2282"]
[BlackElo "2434"]
[TimeControl "180+1"]
[EndTime "11:06:23 PDT"]
[Termination "GracefulYear won by checkmate"]

1. e4 c6 2. d3 d5 3. Nd2 e5 4. Ngf3 Bd6 5. d4 exd4 6. exd5 cxd5 7. Nb3 Nc6 8. Nbxd4 Nf6 9. h3 O-O 10. Be2 Re8 11. O-O Ne5 12. Nxe5 Bxe5 13. Nf3 Bc7 14. c3 Ne4 15. Bb5 Re7 16. Ng5 Qd6 17. Nf3 a6 18.
Ba4 b5 19. Bb3 Bb7 20. Qd4 Rae8 21. Be3 Re6 22. a4 Rf6 23. Rfd1 h6 24. axb5 axb5 25. Bxd5 Bxd5 26. Qxd5 Qxd5 27. Rxd5 Nd6 28. Ra7 Bb8 29. Ra8 Nc4 30. Bd4 Rc6 31. Ra2 Nb6 32. Rc5 Rxc5 33. Bxc5 Nc4 34. b3 Nd6 35. Nd4 Ne4 36. Bb4 f5 37. Nxb5 Nxc3 38. Nxc3 Re1# 0-1

[Event "*** SCC Grand Prix: Titled Tuesday Blitz"]
[Site "Chess.com"]
[Date "2020.07.07"]
[Round "6"]
[White "ClassyEl"]
[Black "okriak"]
[Result "0-1"]
[WhiteElo "2457"]
[BlackElo "2715"]
[TimeControl "180+1"]
[EndTime "11:06:24 PDT"]
[Termination "okriak won on time"]

1. d4 d6 2. Nf3 Bg4 3. c4 Bxf3 4. exf3 Nf6 5. Nc3 c6 6. Be3 d5 7. Qb3 Qd7 8. cxd5 cxd5 9. g4 e6 10. h3 Nc6 11. Rc1 Bd6 12. f4 h5 13. Rg1 hxg4 14.
hxg4 Rh4 15. f3 Rh2 16. Bd3 Ng8 17. Na4 Bb4+ 18. Kd1 Nge7 19. Nc5 Bxc5 20. Rxc5 O-O-O 21. Kc1 Kb8 22. Kb1 Ka8 23. a3 Rdh8 24. Qc3 R8h3 25. Rf1 Rg2 26. Bb5 Rhh2 27. Bc1 g6 28. b4 Qc7 29. Bxc6 bxc6 30. b5 Qb6 31. a4 a6 32.
Ba3 axb5 33. axb5 Nc8 34. Rc1 Na7 0-1

[Event "*** SCC Grand Prix: Titled Tuesday Blitz"]
[Site "Chess.com"]
[Date "2020.07.07"]
[Round "6"]
[White "Eltaj_Safarli"]
[Black "chito89"]
[Result "1-0"]
[WhiteElo "2935"]
[BlackElo "2813"]
[TimeControl "180+1"]
[EndTime "11:06:25 PDT"]
[Termination "Eltaj_Safarli won by resignation"]

1. e4 Nc6 2. Nc3 e5 3. Nf3 Nf6 4. a3 g6 5. Bc4 Bg7 6. d3 d6 7.
Bg5 h6 8. Be3 Be6 9. Bxe6 fxe6 10. Ne2 Nh5 11. Ng3 Nf4 12. O-O O-O 13. c3 Qe7 14. d4 Rf7 15. Bxf4 Rxf4 16. Re1 Raf8 17. d5 Nd8 18. Re3 Qf7 19. Ne2 Rf6 20. c4 Qe7 21. Nc3 h5 22. dxe6 c6 23. c5 dxc5 24. Rd3 Nxe6 25.
Rd7 Qe8 26. Rxb7 Nd4 27. Qf1 Nxf3+ 28. gxf3 Rxf3 29. Qc4+ Kh8 30. Rd1 Rxf2 31. Rdd7 Rf1+ 32. Qxf1 Rxf1+ 33. Kxf1 Bf6 34. Rf7 Qd8 35. Rbd7 Qc8 36. Nd1 Kg8 37. Ne3 Qa6+ 38. Kf2 Qa4 39. Rxf6 Qxe4 40.
Rf3 Qb1 41. Rd2 Qh1 42. Nf1 g5 43. Re2 g4 44. Rf5 h4 45. Rg5+ Kf7 46. Rxg4 Qd5 47.
Rge4 1-0

[Event "*** SCC Grand Prix: Titled Tuesday Blitz"]
[Site "Chess.com"]
[Date "2020.07.07"]
[Round "6"]
[White "Skatchkov_V"]
[Black "Manukyan_Artak"]
[Result "1-0"]
[WhiteElo "2533"]
[BlackElo "2345"]
[TimeControl "180+1"]
[EndTime "11:06:25 PDT"]
[Termination "Skatchkov_V won by resignation"]

1. Nf3 c6 2. g3 d5 3. d4 Bf5 4. c4 e6 5. Nc3 Nf6 6. Bg2 Nbd7 7. O-O h6 8. Nd2 Be7 9. e4 dxe4 10. Ndxe4 Nxe4 11. Nxe4 O-O 12. Be3 Nf6 13. Nc3 Ng4 14. Bf4 g5 15. Bc1 Nf6 16. Be3 Ng4 17. Bc1 Nf6 18. h3 Qb6 19. b3 Rad8 20. Be3 c5 21. d5 exd5 22. cxd5 Qb4 23. Rc1 Rfe8 24. Re1 Bd6 25. Qf3 Re5 26. Bd2 g4 27. hxg4 Qxg4 28.
Bxh6 Rde8 29. Rxe5 Bxe5 30. Be3 Qxf3 31. Bxf3 Bxg3 32. Bxc5 Bb8 33. Bd4 Ng4 34. Kg2 Ne5 35. Be4 Nd3 36. Rg1 Rxe4 37. Nxe4 Bxe4+ 38. f3 Bxd5 39. Be3 Nf4+ 40. Kf2+ Ng6 41. Rd1 Bc6 42. Rd8+ 1-0